 Dungeon Crawl Stone Soup version 0.21-a0-528-gf531e82 (webtiles) character file.

32 Gerstahl the Skirmisher (level 3, 0/24 HPs)
             Began as a Gargoyle Monk on Dec 9, 2017.
             Slain by a shadow imp (4 damage)
             ... summoned by Natasha
             ... on level 2 of the Dungeon.
             The game lasted 00:00:58 (1179 turns).

Gerstahl the Skirmisher (Gargoyle Monk)             Turns: 1179, Time: 00:00:59

Health: 0/24       AC:  9    Str: 14    XL:     3   Next: 27%
Magic:  3/3        EV: 10    Int: 10    God:
Gold:   26         SH:  0    Dex: 13    Spells: 2/2 levels left

rFire    . . .     SeeInvis .   a - +0 falchion
rCold    . . .     Gourm    .   (no shield)
rNeg     + . .     Faith    .   d - +0 scale mail
rPois    ∞         Spirit   .   (no helmet)
rElec    +         Reflect  .   (no cloak)
rCorr    .         Harm     .   (no gloves)
MR       .....                  (no boots)
Stlth    +.........             (no amulet)
HPRegen  0.08/turn              (no ring)
MPRegen  0.08/turn              (no ring)

@: no status effects
A: negative energy resistance 1, electricity resistance, unbreathing,
petrification resistance, rot immunity, AC +3
a: no special abilities


You were on level 2 of the Dungeon.
You were hungry.

You visited 1 branch of the dungeon, and saw 2 of its levels.

You collected 26 gold pieces.

Inventory:

Hand Weapons
 a - a +0 falchion (weapon)
Armour
 b - a +0 robe
 d - a +0 scale mail (worn)
Scrolls
 f - a scroll of immolation {unknown}
 h - a scroll of identify {unknown}
Potions
 e - a potion of might {unknown}
Comestibles
 c - 2 bread rations
 g - a royal jelly


   Skills:
 + Level 4.0 Fighting
 + Level 3.3 Long Blades
 - Level 2.4 Dodging
 - Level 2.1 Stealth


You had 2 spell levels left.
You didn't know any spells.

Dungeon Overview and Level Annotations

Branches:
Dungeon (2/15)

Altars:

Annotations:
D:2 Natasha


Innate Abilities, Weirdness & Mutations

You are resistant to torment.
Your stone body is resilient. (AC +3)
You are immune to poison.
You resist negative energy. (rN+)
You are resistant to electric shocks. (rElec)
You can survive without breathing.
You are immune to petrification.
You are immune to rotting.


Message History

Natasha stares at you and mumbles some strange words.
The magic dart hits you! The shadow imp barely misses you.
You closely miss Natasha.
Natasha wildly gestures.
You feel troubled. Natasha closely misses you.
The shadow imp closely misses you.
You closely miss Natasha. Natasha claws you. The shadow imp closely misses you.
You riposte.
You closely miss the shadow imp.
The shadow imp is lightly wounded.
You slash Natasha!
Natasha is heavily wounded.
Natasha claws you.
* * * LOW HITPOINT WARNING * * *
The shadow imp misses you.
You hit Natasha but do no damage.
Natasha is heavily wounded.
Natasha claws you.
* * * LOW HITPOINT WARNING * * *
The shadow imp hits you.
You die...

###########.#
#...........#
#...........+
#...........#
#...........#
#..<........#
#...........#
#.......h...#
#......@5...#
#...........#
#...........#
#...........#
#...........#
#############


You could see Natasha and a shadow imp.

Vanquished Creatures
  2 oozes (D:1)
  2 dart slugs (D:1)
  2 leopard geckos (D:1)
  2 bats (D:1)
  A giant cockroach (D:1)
  2 goblins (D:1)
  A hobgoblin (D:1)
  3 kobolds (D:1)
  3 rats (D:1)
18 creatures vanquished.

Notes
Turn   | Place    | Note
-------+----------+-------------------------------------------
     0 | D:1      | Gerstahl the Gargoyle Monk began the quest for the Orb.
     0 | D:1      | Reached XP level 1. HP: 14/14 MP: 1/1
    43 | D:1      | Reached XP level 2. HP: 11/19 MP: 2/2
   569 | D:1      | Reached skill level 4 in Fighting
   569 | D:1      | Reached XP level 3. HP: 22/24 MP: 3/3
  1169 | D:2      | Noticed Natasha
  1179 | D:2      | Slain by a shadow imp

Vault maps used:
D:1:      shiori_arrival_elements
D:2:      first_bread, uniq_natasha

Skill      XL: |  1  2 |
---------------+-------+-----
Long Blades    | 3 |  3.3
Fighting       | 4 |  4.0
Dodging        | |  2.4
Stealth        | |  2.1

Action                   || total
-------------------------++-------
Melee: Falchion          ||    62
Armor: Robe              ||    14
       Scale mail        ||    16
Dodge: Dodged            ||    47
       Rpst.: Falchion   ||    10

Table legend:
 A = Spawn XP
 B = Non-spawn XP
 C = Spawn XP percentage of total XP
 D = Spawn monster count
 E = Non-spawn monster count
 F = Spawn count percentage of total count
 G = Total turns spent on level
                    A         B        C        D         E        F      G
               +---------+---------+-------+---------+---------+-------+---------
         Total |       0 |      47 |   0.0 |       0 |      18 |   0.0 |  1179
               +---------+---------+-------+---------+---------+-------+---------
           D:1 |       0 |      47 |   0.0 |       0 |      18 |   0.0 |  1167
               +---------+---------+-------+---------+---------+-------+---------
